 Dungeon Crawl Stone Soup version 0.30.0-19-g36f170ea60 (webtiles) character file.

Game seed: 8239317246309828080

913 EC1 the Cudgeller (level 8, -2/60 HPs)
             Began as a Human Fighter on May 30, 2023.
             Was an Initiate of Makhleb.
             Slain by an ogre
             ... wielding a +0 giant club
              (18 damage)
             ... on level 5 of the Dungeon.
             The game lasted 00:21:00 (5746 turns).

EC1 the Cudgeller (Human Fighter)                   Turns: 5746, Time: 00:21:01

Health: -2/60      AC:  8    Str: 25    XL:     8   Next: 30%
Magic:  8/8        EV: 10    Int:  8    God:    Makhleb [......]
Gold:   334        SH:  5    Dex: 13    Spells: 7/7 levels left

rFire   . . .        q - +0 morningstar
rCold   . . .        c - +0 buckler
rNeg    . . .        b - +1 scale mail
rPois   .            (no helmet)
rElec   .            (no cloak)
rCorr   .            (no gloves)
SInv    .            (no boots)
Will    .....        (no amulet) Stlth
                     k - +6 ring of strength
HPRegen 0.30/turn    (no ring)
MPRegen 0.11/turn

%: no passive effects
@: no status effects
A: no striking features
a: Renounce Religion


You were on level 5 of the Dungeon.
You worshipped Makhleb.
Makhleb was noncommittal.
You visited 2 branches of the dungeon, and saw 6 of its levels.

You collected 334 gold pieces.

Inventory:

Hand Weapons
 a - a +0 flail of electrocution
 i - a +1 vampiric short sword
 j - a +0 sling
 q - a +0 morningstar (weapon)
Armour
 b - a +1 scale mail (worn)
 c - a +0 buckler (worn)
 f - a +0 buckler
Magical Staves
 m - a staff of fire
Jewellery
 k - a +6 ring of strength (left hand)
Wands
 r - a wand of acid (4)
Scrolls
 e - 2 scrolls of fear
 g - 5 scrolls of identify
 h - a scroll of teleportation
 l - 2 scrolls of magic mapping
Potions
 d - a potion of might
 n - a potion of cancellation
 p - 2 potions of heal wounds


   Skills:
 * Level 3.8 Fighting
 + Level 6.5 Maces & Flails
 * Level 5.6 Armour
 + Level 1.0 Dodging
 - Level 0.3 Stealth
 + Level 4.1 Shields
 - Level 0.2 Evocations


You had 7 spell levels left.
You didn't know any spells.
Your spell library contained the following spells:

 Spells                   Type           Power      Damage    Failure   Level
 Sandblast                Erth           0%         2d4       75%         1
 Passwall                 Tmut/Erth      0%         N/A       87%         2
 Stone Arrow              Conj/Erth      0%         3d7       98%         3


Dungeon Overview and Level Annotations

Branches:
Dungeon (5/15)             Temple (1/1) D:4

Altars:
Ashenzari
Dithmenos
Elyvilon
Fedhas
Gozag
Hepliaklqana
Kikubaaqudgha
Makhleb
Nemelex Xobeh
Okawaru
Qazlal
Trog
Uskayaw
Vehumet
Wu Jian
Xom
Yredelemnul
Zin
The Shining One

Shops:
D:3 (   D:5 (


Message History

Your +0 flail of electrocution stops crackling.
q - a +0 morningstar (weapon)
There is an entrance to Pyrchivva's Weapon Emporium here.
There is an entrance to Pyrchivva's Weapon Emporium here.
Found a stone staircase leading up.
There is a stone staircase leading up here.
There is a stone staircase leading up here.
Found a stone staircase leading down.
An ogre comes into view. It is wielding a +0 giant club.
You block the ogre's attack.
You puncture the ogre!
The ogre is heavily wounded.
The ogre closely misses you.
You barely miss the ogre.
The ogre is heavily wounded.
You hit the ogre but do no damage.
The ogre is heavily wounded.
The ogre hits you with a +0 giant club!!
You hit the ogre.
The ogre is heavily wounded.
You block the ogre's attack.
You hit the ogre.
The ogre is severely wounded.
The ogre hits you with a +0 giant club!
You barely miss the ogre.
The ogre is severely wounded.
The ogre barely misses you.
You barely miss the ogre.
The ogre is severely wounded.
You hit the ogre but do no damage.
The ogre is severely wounded.
You block the ogre's attack.
You barely miss the ogre.
The ogre is severely wounded.
The ogre hits you with a +0 giant club!!
* * * LOW HITPOINT WARNING * * *
You puncture the ogre!
The ogre is almost dead.
The ogre hits you with a +0 giant club!!
You die...

#.# #.## #... #.##
########## #####...
#.@O...... ...#...
#.######## #.#...
#.############.....
#.##..........<.#..
#.##.##########.#..
#.##.......#.......
#.##..####.#.##.##.
#.##..# #.#.##.##.
#.##..# #....#..#.


You could see an ogre.

Vanquished Creatures
  Sigmund (D:5)
  Eustachio (D:4)
  A black bear (D:5)
  An ogre (D:5)
  A phantom (D:4)
  A kobold brigand (D:4)
  A jelly (D:5)
  An orc wizard (D:4)
  3 iguanas
  7 adders
  2 worms (D:3)
  3 orcs
  9 endoplasms
  3 giant cockroaches
  5 hobgoblins
  7 jackals (D:3)
  5 quokkas
  11 ball pythons
  7 bats
  3 frilled lizards
  6 goblins
  8 kobolds
  14 rats
101 creatures vanquished.

Notes
Turn   | Place    | Note
-------+----------+-------------------------------------------
     0 | D:1      | EC1 the Human Fighter began the quest for the Orb.
     0 | D:1      | Reached XP level 1. HP: 18/18 MP: 1/1
   157 | D:1      | Reached XP level 2. HP: 24/24 MP: 2/2
   448 | D:1      | Reached XP level 3. HP: 26/29 MP: 3/3
  1269 | D:2      | Reached XP level 4. HP: 35/35 MP: 4/4
  1582 | D:3      | Found a faded altar of an unknown god.
  1607 | D:3      | Found Baady's Weapon Emporium.
  1622 | D:3      | Found a broken altar of Ashenzari.
  1653 | D:3      | Reached skill level 3 in Maces & Flails
  1983 | D:3      | Reached XP level 5. HP: 32/41 MP: 5/5
  2647 | D:4      | Reached skill level 4 in Maces & Flails
  2647 | D:4      | Reached XP level 6. HP: 43/47 MP: 6/6
  2715 | D:4      | Noticed Eustachio
  2721 | D:4      | Killed Eustachio
  2732 | D:4      | Found a staircase to the Ecumenical Temple.
  2741 | Temple   | Entered the Ecumenical Temple
  3918 | Temple   | Became a worshipper of Makhleb the Destroyer
  4072 | D:4      | Reached skill level 5 in Maces & Flails
  4072 | D:4      | Reached XP level 7. HP: 51/52 MP: 7/7
  4630 | D:5      | Entered Level 5 of the Dungeon
  4638 | D:5      | Found a bloodstained altar of Trog.
  4638 | D:5      | Found a sparkling altar of Nemelex Xobeh.
  4955 | D:5      | Found a basalt altar of Yredelemnul.
  4999 | D:5      | Found a stormy altar of Qazlal.
  5139 | D:5      | Reached skill level 6 in Maces & Flails
  5139 | D:5      | Reached skill level 5 in Armour
  5139 | D:5      | Reached skill level 1 in Dodging
  5289 | D:5      | Noticed Sigmund
  5296 | D:5      | Killed Sigmund
  5297 | D:5      | Reached XP level 8. HP: 58/60 MP: 8/8
  5621 | D:5      | Found Pyrchivva's Weapon Emporium.
  5746 | D:5      | Slain by an ogre

Illustrated notes

Levels and vault maps discovered:
D:1:      eino_arrival_cavern_d, layout_loops_corners, minmay_rat_gold_closets
D:2:      layout_basic
D:3:      minmay_recursive_quarters, layout_loops_ring, lemuel_doored_altar,
          serial_shops, shop, serial_glass, glass_columns_b, glass_columns_b,
          hellmonk_ecumenical_altar_run_dry
D:4:      layout_loops_ring, minmay_temple_entry_junction, uniq_eustachio
D:5:      layout_basic, mainiacjoe_overflow_brackets,
          mainiacjoe_overflow_surrounded_room, gammafunk_temple_overflow_statue,
          serial_shops, nicolae_shop_crystal, uniq_sigmund
Temple:   zaba_magenta_temple

Skill      XL: |  1  2  3  4  5  6  7 |
---------------+----------------------+-----
Maces & Flails | 3 4 5 6 |  6.5
Armour         | 4 5 |  5.6
Dodging        | 1 |  1.0
Shields        | 4 |  4.1
Fighting       | |  3.8
Stealth        | |  0.3
Evocations     | |  0.2

Action                     |  1- 3 |  4- 6 |  7- 9 || total
---------------------------+-------+-------+-------++-------
  Melee: Flail             |    86 |   147 |    42 ||   275
         Morningstar       |       |       |    10 ||    10
  Evoke: Wand              |       |     3 |     5 ||     8
    Use: Scroll            |     4 |     2 |     3 ||     9
         Potion            |     3 |     1 |     2 ||     6
 Armour: Scale mail        |    56 |    56 |    21 ||   133
  Dodge: Dodged            |    46 |    60 |    27 ||   133
  Block: Buckler           |    24 |    46 |    11 ||    81
